 Dungeon Crawl Stone Soup version 0.31.0-12-g77e489cdc1 (webtiles) character file.

Game seed: 5399422570235134669

4363 sking99 the Nimble (level 10, 0/77 HPs)
             Began as a Djinni Hedge Wizard on Feb 28, 2024.
             Was a Priest of Elyvilon.
             Slain by a yak (9 damage)
             ... on level 9 of the Dungeon.
             The game lasted 00:22:13 (10130 turns).

sking99 the Nimble (Djinni Hedge Wizard)           Turns: 10130, Time: 00:22:13

Health: 0/77       AC: 10    Str: 13    XL:     10   Next: 60%
Gold:   372        EV: 16    Int: 21    God:    Elyvilon [***...] SH:  0 Dex: 14

rFire   + + .        t - +3 dagger (venom)
rCold   x . .        (no shield)
rNeg    . . .        w - +0 steam dragon scales
rPois   ∞            c - +1 hat
rElec   .            (no cloak)
rCorr   .            (no gloves)
SInv    .            (boots unavailable)
Will    +....        (no amulet)
Stlth   ++           h - +6 ring of intelligence
HPRegen 0.32/turn    k - +4 ring of protection
MPRegen 0.00/turn

%: infuse magic (-1 HP)
@: flying
A: sickness immunity, fire resistance 2, cold vulnerability 1, float, innate
caster, HP casting, extra vitality 1
a: Renounce Religion, Purification, Heal Other, Heal Self


You were on level 9 of the Dungeon.
You worshipped Elyvilon.
Elyvilon was most pleased with you.
You visited 2 branches of the dungeon, and saw 10 of its levels.

You collected 372 gold pieces.

Inventory:

Hand Weapons
 t - a +3 dagger of venom (weapon)
Missiles
 y - 2 throwing nets
Armour
 c - a +1 hat (worn)
 w - +0 steam dragon scales (worn)
Jewellery
 h - a +6 ring of intelligence (left hand)
 k - a +4 ring of protection (right hand)
Wands
 n - a wand of digging (12)
 u - a wand of flame (32)
Scrolls
 a - 2 scrolls of teleportation
 b - a scroll of silence
 l - 2 scrolls of noise
 m - 2 scrolls of identify
 p - a scroll of enchant weapon
 r - 2 scrolls of revelation
 v - a scroll of fear
Potions
 d - 8 potions of curing
 e - a potion of heal wounds {unknown}
 f - 2 potions of haste {unknown}
 g - a potion of enlightenment {unknown}
 i - 3 potions of ambrosia {unknown}
 j - 2 potions of resistance {unknown}
 o - 2 potions of lignification {unknown}
 q - a potion of attraction {unknown}
 s - 2 potions of invisibility {unknown}
 x - a potion of experience {unknown}


   Skills:
 + Level 8.5 Fighting
 - Level 8.6 Dodging
 - Level 1.5 Stealth
 + Level 5.1 Spellcasting
 + Level 5.1 Conjurations
 + Level 5.1 Hexes
   Level 0.0 Charms
 + Level 5.1 Summonings
 + Level 5.1 Necromancy
 + Level 5.1 Translocations
   Level 0.0 Transmutations
 + Level 5.1 Fire Magic
 + Level 5.1 Ice Magic
 + Level 5.1 Air Magic
 + Level 5.1 Earth Magic
 + Level 5.1 Alchemy
 + Level 7.5 Invocations


You knew the following spells:

 Your Spells              Type           Power      Damage    Failure   Level
a - Magic Dart            Conj           100%       1d8       1%          1
b - Scorch                Fire           54%        2d7       1%          2
c - Dazzling Flash        Conj/Hex       54%        N/A       3%          3
d - Mephitic Cloud        Conj/Alch/Air  27%        N/A       3%          3
e - Blink                 Tloc           54%        N/A       1%          2
f - Sandblast             Erth           54%        2d13      1%          1
g - Call Imp              Summ           54%        N/A       1%          2
h - Vhi's Electric Charg  Tloc/Air       54%        N/A       13%         4
z - Slow                  Hex            100%       N/A       1%          1
Your spell library was empty.

Dungeon Overview and Level Annotations

Branches:
Dungeon (9/15)             Temple (1/1) D:4            Lair (0/5) D:9
    Orc: D:9-12

Altars:
Ashenzari
Cheibriados
Dithmenos
Elyvilon
Gozag
Hepliaklqana
Makhleb
Nemelex Xobeh
Okawaru
Qazlal
Ru
Trog
Uskayaw
Wu Jian
Xom
Yredelemnul
Zin
The Shining One

Shops:
D:6 *

Portals:
Abyss: D:4

Annotations:
D:4 2 transporters, Nilihum's ghost, amateur AtFi


Innate Abilities, Weirdness & Mutations

You are immune to sickness and miasma.
You are immune to poison.
Your flesh is very heat resistant. (rF++)
You are vulnerable to cold. (rC-)
You float through the air rather than walking.
You learn spells naturally, not from books.
Your magical power is your life essence.
You have superior vitality. (+4 MHP)


Message History

Casting: Scorch (safe; 1% risk of failure)
Confirm with . or Enter, or press ? or * to list all spells.
Flames lash the yak.
The yak is lightly wounded.
The yak's fire resistance burns away.
The yak gores you but does no damage. The yak completely misses you.
Casting: Scorch (safe; 1% risk of failure)
Confirm with . or Enter, or press ? or * to list all spells.
Flames lash the yak.
The yak is burned terribly!
The yak is heavily wounded.
The yak is no longer more vulnerable to fire.
The yak gores you! The yak barely misses you. The yak closely misses you.
Casting: Scorch (safe; 1% risk of failure)
Confirm with . or Enter, or press ? or * to list all spells.
Flames lash the yak.
The yak is burned terribly!
The yak is almost dead.
An ice beast comes into view.
The yak gores you. The yak gores you but does no damage.
The yak closely misses you.
Casting: Scorch (safe; 1% risk of failure)
Confirm with . or Enter, or press ? or * to list all spells.
Flames lash the yak.
The yak is burned terribly!
The yak is heavily wounded.
The yak closely misses you. The yak gores you. The yak barely misses you.
Casting: Scorch (safe; 1% risk of failure)
Confirm with . or Enter, or press ? or * to list all spells.
Flames lash the yak.
The yak is moderately wounded.
The yak's fire resistance burns away.
The yak gores you! The yak gores you but does no damage. The yak gores you!
* * * LOW HITPOINT WARNING * * *
Casting: Scorch (safe; 1% risk of failure)
Confirm with . or Enter, or press ? or * to list all spells.
Casting: Dazzling Flash (dangerous; 3% risk of failure)
Press: ? - help, Dir - look around, f - activate
* * * LOW HITPOINT WARNING * * *
The yak gores you!
* * * LOW HITPOINT WARNING * * *
The yak gores you but does no damage. The yak gores you!
You die...

.~.......................###..#
.......>..........#.......##..##.
....#............#...............
.#.###...##..#...#..#............
.... ##..##........##.###........
.... ...#.#....#.....# ###......
... ..........>..>.# ###.... #..
............#..# ....
......Y@..#..# ....
..#...YYY....# ....
....##.......... ##. #..........
.......##.. ......### ...
......## ........


You could see 3 yaks and an ice beast.

Vanquished Creatures
  A rime drake (D:9)
  Prince Ribbit (D:6)
  2 yaks (D:7)
  A wyvern (D:8)
  Eustachio (D:4)
  A steam dragon (D:7)
  A water moccasin (D:5)
  Duvessa (D:6)
  2 orc warriors
  2 ice beasts (D:9)
  An ogre (D:6)
  A black bear (D:4)
  2 wolves (D:9)
  A centaur (D:7)
  A phantom (D:6)
  A bullfrog (D:3)
  A gnoll sergeant (D:8)
  A scorpion (D:5)
  Dowan (D:6)
  4 killer bees (D:8)
  5 orc priests
  5 hounds
  5 jellies
  A bombardier beetle (D:6)
  A gnoll bouda (D:5)
  2 sleepcaps
  Natasha (thrice) (D:3)
  2 iguanas
  6 orc wizards
  16 gnolls
  8 adders
  A shadow imp (D:5)
  2 ufetubi (D:6)
  A dart slug (D:1)
  2 ribbon worms (D:3)
  20 orcs
  3 bats (D:2)
  10 endoplasms
  5 giant cockroaches
  4 goblins
  5 hobgoblins
  2 jackals (D:5)
  7 quokkas
  3 ball pythons
  2 kobolds
  7 rats
155 creatures vanquished.

Vanquished Creatures (collateral kills)
  An adder (D:2)
  A bat (D:2)
  A kobold (D:3)
3 creatures vanquished.

Vanquished Creatures (others)
  A yak (D:8)
  An orc wizard (D:8)
2 creatures vanquished.

Grand Total: 160 creatures vanquished

Notes
Turn   | Place    | Note
-------+----------+-------------------------------------------
     0 | D:1      | sking99 the Djinni Hedge Wizard began the quest for the
                  | Orb.
     0 | D:1      | sking99 set off with the following spells memorised: Magic
                  | Dart, Slow, Blink, Call Imp, Mephitic Cloud.
     0 | D:1      | Reached XP level 1. HP: 15/15 MP: 0/0
   171 | D:1      | Reached XP level 2. HP: 17/22 MP: 0/0
   406 | D:1      | Reached skill level 1 in Fighting
   573 | D:1      | Found a faded altar of an unknown god.
   821 | D:1      | Reached XP level 3. HP: 9/27 MP: 0/0
   821 | D:1      | Learned a level 1 spell: Sandblast
  1723 | D:3      | Reached XP level 4. HP: 11/33 MP: 0/0
  2565 | D:3      | Noticed Natasha
  2572 | D:3      | Killed Natasha
  2573 | D:3      | Reached XP level 5. HP: 22/38 MP: 0/0
  2573 | D:3      | Learned a level 2 spell: Scorch
  2951 | D:3      | Noticed Natasha
  2957 | D:3      | Killed Natasha
  3113 | D:3      | Noticed a bullfrog
  3116 | D:3      | Killed a bullfrog
  3117 | D:3      | Reached XP level 6. HP: 27/45 MP: 0/0
  3222 | D:3      | Noticed Natasha
  3228 | D:3      | Killed Natasha
  3472 | D:4      | Noticed a black bear
  3479 | D:4      | Killed a black bear
  3556 | D:4      | Found a staircase to the Ecumenical Temple.
  3565 | Temple   | Entered the Ecumenical Temple
  3578 | Temple   | Became a worshipper of Elyvilon the Healer
  3592 | D:4      | Noticed Eustachio
  3767 | D:4      | Killed Eustachio
  3768 | D:4      | Reached skill level 1 in Invocations
  3768 | D:4      | Reached XP level 7. HP: 29/52 MP: 0/0
  3768 | D:4      | Learned a level 3 spell: Dazzling Flash
  4029 | D:4      | Found a transporter.
  4094 | D:4      | Noticed a toenail golem
  4105 | D:4      | Found a one-way gate to the infinite horrors of the Abyss.
  4105 | D:4      | Noticed Nilihum's ghost (amateur AtFi)
  4109 | D:4      | Found a transporter.
  4264 | D:5      | Entered Level 5 of the Dungeon
  4375 | D:5      | Reached * piety under Elyvilon
  4824 | D:5      | Reached XP level 8. HP: 48/58 MP: 0/0
  5044 | D:5      | Reached skill level 5 in Fighting
  5149 | D:5      | Reached skill level 5 in Dodging
  5833 | D:5      | Reached ** piety under Elyvilon
  6241 | D:6      | Noticed Prince Ribbit
  6251 | D:6      | Killed Prince Ribbit
  6252 | D:6      | Reached XP level 9. HP: 60/66 MP: 0/0
  6252 | D:6      | Learned a level 4 spell: Vhi's Electric Charge
  6289 | D:6      | Found Zin's Purification Station.
  6295 | D:6      | Found a glowing silver altar of Zin.
  6752 | D:6      | Noticed Duvessa
  6754 | D:6      | Noticed Dowan
  6762 | D:6      | Killed Duvessa
  6763 | D:6      | Reached skill level 5 in Invocations
  6767 | D:6      | Killed Dowan
  7215 | D:7      | Found a sparkling altar of Nemelex Xobeh.
  7412 | D:7      | Reached *** piety under Elyvilon
  8183 | D:7      | Reached XP level 10. HP: 12/75 MP: 0/0
  9251 | D:8      | Found a broken altar of Ashenzari.
  9961 | D:9      | Noticed a rime drake
  9966 | D:9      | Killed a rime drake
  9967 | D:9      | Reached skill level 5 in Spellcasting
  9967 | D:9      | Reached skill level 5 in Conjurations
  9967 | D:9      | Reached skill level 5 in Hexes
  9967 | D:9      | Reached skill level 5 in Summonings
  9967 | D:9      | Reached skill level 5 in Necromancy
  9967 | D:9      | Reached skill level 5 in Translocations
  9967 | D:9      | Reached skill level 5 in Fire Magic
  9967 | D:9      | Reached skill level 5 in Ice Magic
  9967 | D:9      | Reached skill level 5 in Air Magic
  9967 | D:9      | Reached skill level 5 in Earth Magic
  9967 | D:9      | Reached skill level 5 in Alchemy
 10044 | D:9      | Found a staircase to the Lair.
 10130 | D:9      | Slain by a yak

Illustrated notes

Levels and vault maps discovered:
D:1:      lightli_arrival_chessboard, layout_basic,
          hellmonk_ecumenical_altar_heavens_door, minmay_misc_feat_tower,
          minmay_pentomino_v4
D:2:      layout_basic, moated_statue
D:3:      layout_loops_corners, uniq_natasha
D:4:      layout_rooms, minmay_temple_entry_ruins,
          gammafunk_ghost_abyssal_escape, uniq_eustachio
D:5:      layout_layer_cave, glass_columns_a
D:6:      layout_basic, zin_purify, serial_aquarium, aquarium_bridge_long_joined
          [aquarium_subvault_window, aquarium_subvault_wall,
          aquarium_subvault_bridge, aquarium_subvault_wall,
          aquarium_subvault_window, aquarium_subvault_wall],
          aquarium_bridge_straight [aquarium_subvault_bridge,
          aquarium_subvault_wall, aquarium_subvault_bridge,
          aquarium_subvault_balcony], aquarium_window_corner, aquarium_window_2,
          aquarium_window_corner, aquarium_view_2c, aquarium_view_2a,
          aquarium_balcony_double_2, aquarium_pool_1, uniq_prince_ribbit1,
          uniq_duvessa
D:7:      layout_cave_pools, overflow_temple_1_default, uniq_crazy_yiuf_cottage
D:8:      layout_basic, general_overflow_altar
D:9:      layout_layer_cave, fedhas_altar_fruit_tree, hellmonk_lair_entry_icy,
          minmay_curled_crystal
Temple:   compressed_dpeg_circular_temple

Skill      XL: |  1  2  3  4  5  6  7  8  9 10 |
---------------+-------------------------------+-----
Fighting       | 1 2 4 5 7 8 |  8.5
Spellcasting   | 4 5 |  5.1
Conjurations   | 4 5 |  5.1
Hexes          | 4 5 |  5.1
Summonings     | 4 5 |  5.1
Necromancy     | 4 5 |  5.1
Translocations | 4 5 |  5.1
Fire Magic     | 4 5 |  5.1
Ice Magic      | 4 5 |  5.1
Air Magic      | 4 5 |  5.1
Earth Magic    | 4 5 |  5.1
Alchemy        | 4 5 |  5.1
Dodging        | 3 4 6 7 8 |  8.6
Invocations    | 1 2 4 6 7 |  7.5
Stealth        | |  1.5

Action                     |  1- 3 |  4- 6 |  7- 9 | 10-12 || total
---------------------------+-------+-------+-------+-------++-------
  Melee: Dagger            |     1 |       |       |     3 ||     4
   Cast: Magic Dart        |    82 |    59 |    21 |    33 ||   195
         Slow              |     3 |       |       |       ||     3
         Call Imp          |     3 |     5 |       |       ||     8
         Blink             |     1 |     1 |       |       ||     2
         Mephitic Cloud    |       |     2 |     3 |     3 ||     8
         Scorch            |       |    39 |   172 |    64 ||   275
         Dazzling Flash    |       |       |    12 |     6 ||    18
 Invoke: Purification      |       |       |     2 |     1 ||     3
         Heal Other        |       |       |     2 |     2 ||     4
         Heal Self         |       |       |     1 |       ||     1
    Use: Scroll            |       |     7 |     2 |       ||     9
 Armour: Robe              |    13 |    27 |    20 |       ||    60
         Steam dragon scal |       |       |    32 |    57 ||    89
  Dodge: Dodged            |    16 |    29 |    96 |    89 ||   230
